 Dungeon Sprint DCSS version 0.30-a0-50-gb2d611f6b1 (webtiles) character file.

Game seed: 16582333135452597247

0 MrFrogsmire the Conjurer (level 3, -3/21 HPs)
             Began as an Octopode Conjurer on Sept 4, 2022.
             Slain by Sigmund
             ... wielding a +0 scythe
              (8 damage)
             ... in the Dungeon (Sprint VI: "Thunderdome").
             The game lasted 00:01:59 (141 turns).

MrFrogsmire the Conjurer (Octopode Conjurer)         Turns: 141, Time: 00:01:59

Health: -3/21      AC:  5    Str:  8    XL:     3   Next: 22%
Magic:  10/15      EV: 14    Int: 25    God:
Gold:   20         SH:  0    Dex: 18    Spells: 6/7 levels left

rFire   + . .      SeeInvis .    k - +0 dagger
rCold   . . .      Faith    .    (no shield)
rNeg    . . .      Spirit   .    (helmet restricted)
rPois   +          Reflect  .    (no amulet)
rElec   +          Harm     .    l - ring "Paydgh" {rF+ Str-5 Dex+2 Slay+3}
rCorr   .          Rampage  .    m - ring of Fallacy {AC+4 Int+3 Dex+3 Stlth-}
Will    .....      NoTele   +    n - ring of Bogiqa {rElec rPois Int+4}
Stlth   +++.......               o - ring of Acle Jao {rElec MP+9 Str+7 Int-4 Dex+3}
HPRegen 0.07/turn                (no ring)
MPRegen 0.14/turn                (no ring)
                                 (no ring)
                                 (no ring)

@: no status effects
A: almost no armour, amphibious, 8 rings, camouflage 1, gelatinous body 1,
(nimble swimmer 1), tentacles
a: no special abilities


You were in the Dungeon.
You visited 1 branch You collected 200 gold pieces.
You spent 180 gold pieces at shops.

Inventory:

Hand Weapons
 k - a +0 dagger (weapon)
Jewellery
 l - the ring "Paydgh" (left tentacle) {rF+ Str-5 Dex+2 Slay+3}
   (You bought it in a shop in the Dungeon)

   [ring of protection from fire]

   Str:       It affects your strength (-5).
   Dex:       It affects your dexterity (+2).
   Slay:      It affects your accuracy & damage with ranged weapons and melee
   (+3).
   rF:        It protects you from fire.
 m - the ring of Fallacy (right tentacle) {AC+4 Int+3 Dex+3 Stlth-}
   (You bought it in a shop in the Dungeon)

   [ring of protection]

   AC:        It affects your AC (+4).
   Int:       It affects your intelligence (+3).
   Dex:       It affects your dexterity (+3).
   Stlth:     It makes you less stealthy.
 n - the ring of Bogiqa (on tentacle) {rElec rPois Int+4}
   (You bought it in a shop in the Dungeon)

   [ring of poison resistance]

   Int:       It affects your intelligence (+4).
   rElec:     It insulates you from electricity.
   rPois:     It protects you from poison.
 o - the ring of Acle Jao (on tentacle) {rElec MP+9 Str+7 Int-4 Dex+3}
   (You bought it in a shop in the Dungeon)

   [ring of magical power]

   Str:       It affects your strength (+7).
   Int:       It affects your intelligence (-4).
   Dex:       It affects your dexterity (+3).
   rElec:     It insulates you from electricity.
   MP:        It affects your magic capacity (+9).
Wands
 g - a wand of quicksilver (5)
 h - a wand of roots (5)
Scrolls
 f - 4 scrolls of blinking
 i - 3 scrolls of butterflies
Potions
 a - 3 potions of magic
 b - a potion of curing
 c - 4 potions of heal wounds
 d - 4 potions of haste
 e - a potion of berserk rage
 j - a potion of resistance


   Skills:
 + Level 2.5 Dodging
 + Level 3.3 Stealth
 + Level 2.5 Spellcasting
 + Level 6.7 Conjurations


You had 6 spell levels left.
You knew the following spells:

 Your Spells              Type           Power      Damage    Failure   Level
a - Magic Dart            Conj           100%       1d8       1%          1

Your spell library contained the following spells:

 Spells                   Type           Power      Damage    Failure   Level
 Searing Ray              Conj           74%        2d7       1%          2
 Dazzling Flash           Conj/Hex       40%        N/A       8%          3
 Fulminant Prism          Conj/Hex       10%        3d9       26%         4
 Iskenderun's Mystic Bla  Conj/Tloc      20%        2d6       26%         4


Dungeon Overview and Level Annotations

Branches:
Dungeon (1/1)

Altars:
Dithmenos
Fedhas
Gozag
Qazlal
Ru
Trog
Uskayaw
Xom

Shops:
D *[?

Annotations:
D Sigmund


Innate Abilities, Weirdness & Mutations

You cannot wear most types of armour.
You are amphibious.
You can wear up to eight rings at the same time.
Your skin changes colour to match your surroundings (Stealth+).
Your rubbery body absorbs attacks. (AC +1, EV +1)
((You are camouflaged when in or above water. (Stealth+)))
You have tentacles for arms and can constrict up to eight enemies at once.


Message History

There is an entrance to Keeho's Jewellery here.
A dart slug and Sigmund come into view.
The magic dart hits the dart slug but does no damage.
Sigmund shouts!
A bat comes into view.
Sigmund casts a spell at you. You resist with significant effort.
The magic dart hits the dart slug.
The dart slug is heavily wounded.
An endoplasm comes into view.
The magic dart hits the dart slug.
You kill the dart slug!
The endoplasm quivers.
Sigmund mumbles some strange words.
Sigmund flickers and vanishes!
Deactivating autopickup; reactivate with Ctrl-A.
The magic dart hits the bat.
You kill the bat!
A puff of flame appears from out of thin air!
The puff of flame misses you.
The magic dart hits the endoplasm but does no damage. 50...
The magic dart hits the endoplasm.
You kill the endoplasm!
You can't see any susceptible monsters within range! (Use Z to cast anyway.)
You can't see any susceptible monsters within range! (Use Z to cast anyway.)
You can't see any susceptible monsters within range! (Use Z to cast anyway.)
You can't see any susceptible monsters within range! (Use Z to cast anyway.)
Something hits you.
There is a shimmering altar of Xom here.
You closely miss something. You closely miss something.
Your squeeze misses something. Something hits you!
You barely miss something. Something hits you!
* * * LOW HITPOINT WARNING * * *
You are too injured to fight recklessly!
You are too injured to fight recklessly!
You are too injured to fight recklessly!
You are too injured to fight recklessly!
Something hits you!
You die...

#........ #_.......
#_.......
###.........#
#⌠...........
######.8.........8
##.___......# ...
###∩@.......8.# .8..
#....[........###....
#⌠..........###...#
#⌠..........# #.<.#
#⌠..........# #...#
##.............###..
###∩........8. .8..
##∩___...... ...
######.8... ..8


There were no monsters in sight!

Vanquished Creatures
  Jessica (D)
  A dart slug (D)
  A bat (D)
  An endoplasm (D)
4 creatures vanquished.

Notes
Turn   | Place    | Note
-------+----------+-------------------------------------------
     0 | D        | MrFrogsmire the Octopode Conjurer began the quest for the
                  | Orb.
     0 | D        | Reached XP level 1. HP: 11/11 MP: 3/3
     1 | D        | Found a blossoming altar of Fedhas.
     1 | D        | Found a sacrificial altar of Ru.
     2 | D        | Found a shadowy altar of Dithmenos.
     2 | D        | Found an opulent altar of Gozag.
     3 | D        | Found a shimmering altar of Xom.
     3 | D        | Found a bloodstained altar of Trog.
     4 | D        | Found a stormy altar of Qazlal.
     4 | D        | Found a hide-covered altar of Uskayaw.
     4 | D        | Found Raod Voig's Identification Station.
     5 | D        | Found Keeho's Jewellery.
     5 | D        | Found Aheaf's Advanced Armour.
     5 | D        | Round 1.
     8 | D        | Noticed Jessica
    13 | D        | Killed Jessica
    14 | D        | Reached skill level 6 in Conjurations
    14 | D        | Reached XP level 2. HP: 17/17 MP: 0/5
    14 | D        | Reached XP level 3. HP: 21/21 MP: 0/6
    19 | D        | Bought a glittering iron ring for 45 gold pieces
    19 | D        | Identified the ring "Paydgh" {rF+ Str-5 Dex+2 Slay+3} (You
                  | bought it in a shop in the Dungeon)
    19 | D        | Bought a translucent bronze ring for 45 gold pieces
    19 | D        | Identified the ring of Fallacy {AC+4 Int+3 Dex+3 Stlth-}
                  | (You bought it in a shop in the Dungeon)
    19 | D        | Bought a scorched platinum ring for 45 gold pieces
    19 | D        | Identified the ring of Bogiqa {rElec rPois Int+4} (You
                  | bought it in a shop in the Dungeon)
    19 | D        | Bought a brightly glowing marble ring for 45 gold pieces
    19 | D        | Identified the ring of Acle Jao {rElec MP+9 Str+7 Int-4
                  | Dex+3} (You bought it in a shop in the Dungeon)
   130 | D        | Noticed Sigmund
   141 | D        | Slain by Sigmund

Illustrated notes

Levels and vault maps discovered:
D:        arena_sprint

Skill      XL: |  1 |
---------------+----+-----
Stealth        | 3 |  3.3
Conjurations   | 6 |  6.7
Dodging        | |  2.5
Spellcasting   | |  2.5

Action                   || total
-------------------------++-------
Melee: Unarmed           ||     1
       Constrict         ||     1
       Tentacles         ||     1
       Dagger            ||     3
 Cast: Magic Dart        ||     9
Dodge: Dodged            ||     1

Table legend: (Time is in decaauts)
 A = Elapsed time spent in this place.
 B = Non-inter-level travel time spent in this place.
 C = Inter-level travel time spent in this place.
 D = Time resting spent in this place.
 E = Time spent auto-exploring this place.
 F = Levels seen in this place.
 G = Mean time per level.
                   A        B        C        D        E       F      G
               +--------+--------+--------+--------+--------+-----+--------+
         Total |    138 |    129 |      9 |      0 |      0 |   1 |  138.0 |
       Dungeon |    138 |    129 |      9 |      0 |      0 |   1 |  138.0 |
               +--------+--------+--------+--------+--------+-----+--------+

Top non-repeatable levels by time:
       D: 138 daAuts
